 Dungeon Crawl Stone Soup version 0.26-a0-652-gafc20e3620 (webtiles) character file.

Game seed: 17800948529600665396

1233 KristoblXynda the Ruffian (level 8, -2/67 HPs)
             Began as a Troll Hedge Wizard on Oct 1, 2020.
             Was an Initiate of Ashenzari.
             Slain by Dowan
             ... wielding a +0 dagger of venom
              (4 damage)
             ... on level 6 of the Dungeon.
             The game lasted 00:08:58 (4565 turns).

KristoblXynda the Ruffian (Troll Hedge Wizard)      Turns: 4565, Time: 00:08:59

Health: -2/67      AC:  7    Str: 19    XL:     8   Next: 24%
Magic:  10/10      EV: 11    Int: 11    God:    Ashenzari [......]
Gold:   256        SH:  0    Dex: 10    Spells: 7/11 levels left

rFire    . . .     SeeInvis .     - Unarmed
rCold    + . .     Faith    .   (no shield)
rNeg     . . .     Spirit   .   b - +0 robe
rPois    .         Reflect  .   c - +1 hat
rElec    .         Harm     .   (no cloak)
rCorr    .         Rampage  .   (gloves unavailable)
MR       .....                  (boots unavailable)
Stlth    +.........             (no amulet)
HPRegen  0.61/turn              n - ring of protection from cold
MPRegen  0.12/turn              (no ring)

@: mighty, lethally poisoned (-2 -> -4), flying, lightly drained
A: large, unfitting armour, claws 3, regeneration 1, shaggy fur 1, tough skin 3
a: Curse Item, Renounce Religion


You were on level 6 of the Dungeon.
You worshipped Ashenzari.
Ashenzari was noncommittal.
You visited 2 branches of the dungeon, and saw 7 of its levels.

You collected 256 gold pieces.

Inventory:

Hand Weapons
 r - a +2 vampiric whip
Armour
 b - a +0 robe (worn)
 c - a +1 hat (worn)
Jewellery
 n - a ring of protection from cold (left claw)
Wands
 y - a wand of paralysis (4)
Scrolls
 a - a scroll of amnesia {unknown}
 f - a scroll of enchant weapon {unknown}
 g - 2 scrolls of remove curse
 h - 3 scrolls of teleportation
 m - 2 scrolls of blinking
 o - a scroll of random uselessness {unknown}
 s - a scroll of immolation
 t - 2 scrolls of enchant armour
 w - 2 scrolls of magic mapping
Potions
 d - 2 potions of curing
 e - 3 potions of might
 i - a potion of resistance {unknown}
 j - a potion of lignification {unknown}
 k - 3 potions of haste
 l - a potion of ambrosia {unknown}
 p - 3 potions of brilliance
 q - 2 potions of flight
 u - a potion of berserk rage {unknown}
 v - a potion of heal wounds {unknown}


   Skills:
 + Level 5.0(4.6) Dodging
 - Level 1.0(0.6) Stealth
 + Level 5.5(5.1) Unarmed Combat
 - Level 2.0(1.6) Spellcasting
 + Level 4.3(3.9) Conjurations
   Level 0.6(0.2) Summonings
   Level 0.6(0.2) Translocations


You had 7 spell levels left.
You knew the following spells:

 Your Spells              Type           Power        Failure   Level
a - Magic Dart            Conj           #...         6%          1
b - Mephitic Cloud        Conj/Pois/Air  #.......     47%         3

Your spell library contained the following spells:

 Spells                   Type           Power        Failure   Level
 Blink                    Tloc           N/A          38%         2
 Call Imp                 Summ           #.......     38%         2
 Conjure Flame            Conj/Fire      #.......     38%         3
 Slow                     Hex            #.......     43%         2


Dungeon Overview and Level Annotations

Branches:
Dungeon (6/15)             Temple (1/1) D:5

Altars:
Ashenzari
Cheibriados
Dithmenos
Elyvilon
Gozag
Hepliaklqana
Kikubaaqudgha
Makhleb
Nemelex Xobeh
Okawaru
Ru
Sif Muna
Trog
Uskayaw
Wu Jian
Xom
Yredelemnul
Zin
The Shining One

Annotations:
D:6 Dowan


Innate Abilities, Weirdness & Mutations

You are too large for most types of armour.
You have claws for hands.
Your natural rate of healing is unusually fast.
You are covered in fur. (AC +1)
You have extremely tough skin. (AC +3)


Message History

Dowan gestures at you while chanting. The stone arrow misses you.
You feel better. The wight barely misses you.
Dowan hits you but does no damage.
You claw Dowan!
Dowan is heavily wounded.
Dowan hits you with a +0 dagger of venom.
* * * LOW HITPOINT WARNING * * *
You are poisoned.
The wight hits you with a +1 morningstar!
* * * LOW HITPOINT WARNING * * *
You feel drained.
* * * LOW HITPOINT WARNING * * *
It was a potion of flight.
You feel very buoyant.
You fly up into the air.
* * * LOW HITPOINT WARNING * * *
You feel sick.
Dowan hits you with a +0 dagger of venom.
You die...

#####.#
#.@zYz#
#e###z.#
#/# #
#.# #.#
#.# #.#
#.# #.#


You could see a yak, Dowan (fast) and 3 wights.

Vanquished Creatures
  3 yaks (D:6)
  Duvessa (D:6)
  A sky beast (D:5)
  2 ice beasts
  A phantom (D:5)
  2 orc priests (D:3)
  2 bullfrog skeletons
  A howler monkey skeleton (D:5)
  5 adders
  An ufetubus (D:5)
  3 oozes
  An adder zombie (D:5)
  An adder skeleton (D:4)
  2 worms
  3 dart slugs
  A leopard gecko (D:3)
  13 orcs (D:3)
  8 giant cockroaches
  17 goblins
  13 hobgoblins
  6 jackals (D:1)
  4 quokkas
  A ball python skeleton (D:5)
  12 bats
  6 frilled lizards
  8 kobolds
  7 rats
125 creatures vanquished.

Notes
Turn   | Place    | Note
-------+----------+-------------------------------------------
     0 | D:1      | KristoblXynda the Troll Hedge Wizard began the quest for
                  | the Orb.
     0 | D:1      | Reached XP level 1. HP: 16/16 MP: 2/2
     4 | D:1      | Noticed an electric eel
     4 | D:1      | Noticed an electric eel
    60 | D:1      | Reached skill level 1 in Conjurations
    64 | D:1      | Reached XP level 2. HP: 24/24 MP: 4/4
    95 | D:1      | Reached skill level 1 in Unarmed Combat
   172 | D:1      | Reached XP level 3. HP: 26/31 MP: 5/5
   977 | D:2      | Reached XP level 4. HP: 39/39 MP: 6/6
  1097 | D:2      | Noticed an ice beast
  1176 | D:2      | Killed an ice beast
  1176 | D:2      | Reached XP level 5. HP: 21/45 MP: 0/7
  1388 | D:2      | You fall into a shaft and drop 2 floors!
  2096 | D:3      | Reached XP level 6. HP: 36/53 MP: 8/8
  2974 | D:2      | Found a hide-covered altar of Uskayaw.
  2974 | D:2      | Found an opulent altar of Gozag.
  3255 | D:5      | Entered Level 5 of the Dungeon
  3255 | D:5      | Noticed a sky beast
  3263 | D:5      | Killed a sky beast
  3481 | D:5      | Got a tattered robe
  3492 | D:5      | Identified the cursed +1 robe "Bahet" {rN+ Str+5 Int-5
                  | Dex-3} (You found it on level 5 of the Dungeon)
  3543 | D:5      | Reached XP level 7. HP: 59/59 MP: 9/9
  3660 | D:5      | Found a staircase to the Ecumenical Temple.
  3675 | Temple   | Entered the Ecumenical Temple
  3796 | Temple   | Became a worshipper of Ashenzari the Shackled
  4201 | D:5      | Found a hazy altar of Hepliaklqana.
  4453 | D:6      | Found a bloodstained altar of Trog.
  4517 | D:6      | Noticed a yak
  4517 | D:6      | Noticed a yak
  4524 | D:6      | Learned a level 3 spell: Mephitic Cloud
  4528 | D:6      | Noticed a yak
  4528 | D:6      | Noticed a yak
  4534 | D:6      | Noticed Dowan
  4536 | D:6      | Noticed Duvessa
  4536 | D:6      | Killed a yak
  4547 | D:6      | Killed a yak
  4547 | D:6      | Reached skill level 5 in Unarmed Combat
  4555 | D:6      | Killed Duvessa
  4555 | D:6      | Reached XP level 8. HP: 22/67 MP: 10/10
  4558 | D:6      | Reached skill level 5 in Dodging
  4564 | D:6      | HP: 3/67 [wight/+1 morningstar (2)]
  4565 | D:6      | Slain by Dowan

Illustrated notes

Levels and vault maps discovered:
D:1:      arrival_aquarium_b, layout_loops_ring, minmay_split_cup_small
D:2:      layout_loops_corners, gammafunk_temple_overflow_elements
D:3:      layout_basic
D:4:      layout_loops_ring, minmay_goblin_outpost
D:5:      layout_loops_corners, overflow_temple_1_default, temple_fountains,
          serial_glass, glass_columns_b, glass_columns_a
D:6:      layout_basic, lemuel_doored_altar, minmay_shop_mayhem, uniq_maggie,
          uniq_duvessa
Temple:   regret_index_temple_generic_petals

Skill      XL: |  1  2  3  4  5  6  7  8 |
---------------+-------------------------+-----
Conjurations   | 1 2 3 4 |  4.3
Unarmed Combat | 1 2 3 4 5 |  5.5
Dodging        | 2 3 4 5 |  5.0
Stealth        | |  1.0
Spellcasting   | |  2.0
Summonings     | |  0.6
Translocations | |  0.6

Action                   |  1- 3 |  4- 6 |  7- 9 || total
-------------------------+-------+-------+-------++-------
Melee: Unarmed           |   163 |   214 |    50 ||   427
       Punch             |       |     2 |     2 ||     4
 Cast: Magic Dart        |       |    17 |       ||    17
  Use: Scroll            |       |     9 |     2 ||    11
       Potion            |       |       |     5 ||     5
 Stab: Sleeping          |     3 |       |       ||     3
Armor: Robe              |    85 |    72 |     8 ||   165
Dodge: Dodged            |    85 |   117 |    19 ||   221

Table legend: (Time is in decaauts)
 A = Elapsed time spent in this place.
 B = Non-inter-level travel time spent in this place.
 C = Inter-level travel time spent in this place.
 D = Time resting spent in this place.
 E = Time spent auto-exploring this place.
 F = Levels seen in this place.
 G = Mean time per level.
                   A        B        C        D        E       F      G
               +--------+--------+--------+--------+--------+-----+--------+
         Total |   4544 |   4288 |    256 |    297 |   2763 |   7 |  649.1 |
       Dungeon |   4287 |   4058 |    229 |    297 |   2615 |   6 |  714.5 |
        Temple |    256 |    229 |     27 |      0 |    148 |   1 |  256.0 |
               +--------+--------+--------+--------+--------+-----+--------+

Top non-repeatable levels by time:
     D:2: 1005 daAuts
     D:5: 931 daAuts
     D:3: 822 daAuts
     D:1: 734 daAuts
     D:4: 678 daAuts
  Temple: 256 daAuts
     D:6: 116 daAuts
